 Dungeon Crawl Stone Soup version 0.30-a0-972-gf3ab3527aa (webtiles) character file.

Game seed: 6798377235333818690

1903 dredge the Chopper (level 9, 0/68 HPs)
             Began as a Human Berserker on Mar 31, 2023.
             Was an Elder of Trog.
             Slain by a two-headed ogre
             ... wielding a +0 giant spiked club
              (15 damage)
             ... on level 7 of the Dungeon.
             The game lasted 00:22:45 (5231 turns).

dredge the Chopper (Human Berserker)                Turns: 5231, Time: 00:22:46

Health: 0/68       AC: 22    Str: 21    XL:     9   Next: 38%
Magic:  9/9        EV: 14    Int:  8    God:    Trog [****..]
Gold:   320        SH:  0    Dex: 13    Spells: 8/8 levels left

rFire   . . .      SeeInvis .    A - +0 broad axe
rCold   . . .      Faith    .    i - orb {light}
rNeg    + . .      Spirit   .    F - +3 chain mail {rN+}
rPois   .          Reflect  .    t - +2 helmet
rElec   .          Rampage  .    K - +0 cloak
rCorr   .                        (no gloves)
Will    .....                    C - +0 pair of boots Stlth
                                 (no amulet)
HPRegen 0.31/turn                w - +4 ring of protection
MPRegen 0.11/turn                x - +5 ring of evasion

@: glowing
A: no striking features
a: Renounce Religion, Berserk, Trog's Hand, Brothers in Arms


You were on level 7 of the Dungeon.
You worshipped Trog.
Trog was greatly pleased with you.
You visited 1 branch of the dungeon, and saw 7 of its levels.

You collected 320 gold pieces.

Inventory:

Hand Weapons
 a - a +0 falchion
 s - a +2 whip of electrocution
 A - a +0 broad axe (weapon)
 I - a +0 heavy flail
 J - a +1 mace of protection
 L - a +1 halberd of flaming
Missiles
 e - 11 poisoned darts
Armour
 i - an orb of light (worn)
 t - a +2 helmet (worn)
 C - a +0 pair of boots (worn)
 E - a +0 tower shield
 F - a +3 chain mail of positive energy (worn)
 K - a +0 cloak (worn)
Jewellery
 b - a ring of protection from fire
 m - a ring of poison resistance
 o - a ring of resist corrosion
 w - a +4 ring of protection (left hand)
 x - a +5 ring of evasion (right hand)
Wands
 g - a wand of roots (12)
 q - a wand of flame (32)
 v - a wand of mindburst (7) (quivered)
 z - a wand of acid (11)
 B - a wand of paralysis (8)
Scrolls
 c - 2 scrolls of poison {unknown}
 f - 3 scrolls of blinking
 k - 3 scrolls of identify {unknown}
 p - a scroll of noise {unknown}
 r - a scroll of fog {unknown}
 y - 5 scrolls of teleportation {unknown}
 G - 3 scrolls of immolation {unknown}
 H - a scroll of amnesia {unknown}
Potions
 d - 2 potions of brilliance {unknown}
 h - 7 potions of curing {unknown}
 j - a potion of ambrosia {unknown}
 l - a potion of lignification {unknown}
 n - 2 potions of haste {unknown}
 u - a potion of heal wounds {unknown}
 D - a potion of magic {unknown}
Miscellaneous
 M - a piece from Xom's chessboard (15/15)


   Skills:
 * Level 5.4 Fighting
 + Level 5.4 Long Blades
 + Level 6.2 Axes
 * Level 5.2 Armour
 * Level 4.2 Dodging
 - Level 1.0 Stealth
 * Level 2.9 Shields
 + Level 0.7 Evocations


You had 8 spell levels left.
You didn't know any spells.
Your spell library contained the following spells:

 Spells                   Type           Power      Damage    Failure   Level
 Necrotise                Necr           0%         1d4       98%         1
 Sting                    Tmut/Pois      0%         1d3       98%         1
 Blink                    Tloc           0%         N/A       99%         2
 Lesser Beckoning         Tloc           0%         N/A       99%         2
 Momentum Strike          Conj/Tloc      0%         3d8       99%         2
 Poisonous Vapours        Pois/Air       0%         N/A       99%         2
 Gell's Gravitas          Tloc           0%         N/A       100%        3
 Ignite Poison            Fire/Tmut/Pois 0%         N/A       100%        3
 Kindle Blastsparks       Fire/Tloc/Air  0%         2d10      100%        3
 Vampiric Draining        Necr           0%         2d6       100%        3
 Airstrike                Air            0%         2d(0-16)  100%        4
 Olgreb's Toxic Radiance  Pois           0%         N/A       100%        4
 Sticky Flame             Conj/Fire      0%         2d3       100%        4
 Agony                    Necr           0%         N/A       100%        5
 Freezing Cloud           Conj/Ice/Air   0%         6-21      100%        5
 Ignition                 Fire           0%         3d3       100%        8
 Chain Lightning          Conj/Air       0%         N/A       100%        9


Dungeon Overview and Level Annotations

Branches:
Dungeon (7/15)             Temple (0/1) D:7

Altars:
Makhleb
Okawaru

Shops:
D:5 ?


Message History

The two-headed ogre is lightly wounded.
The two-headed ogre hits you with a +0 giant spiked club.
The two-headed ogre closely misses you.
You hit the two-headed ogre.
The two-headed ogre is moderately wounded.
The two-headed ogre misses you.
The two-headed ogre hits you but does no damage.
You hit the two-headed ogre but do no damage.
The two-headed ogre is moderately wounded.
You hit the two-headed ogre but do no damage.
The two-headed ogre is moderately wounded.
The two-headed ogre completely misses you.
The two-headed ogre hits you but does no damage.
You hit the two-headed ogre.
The two-headed ogre is moderately wounded.
The two-headed ogre barely misses you.
The two-headed ogre hits you with a +0 giant club!
You hit the two-headed ogre.
The two-headed ogre is moderately wounded.
The two-headed ogre misses you.
The two-headed ogre hits you but does no damage.
You barely miss the two-headed ogre.
The two-headed ogre is moderately wounded.
The two-headed ogre hits you with a +0 giant spiked club!!
The two-headed ogre barely misses you.
You are too injured to fight recklessly!
You are too injured to fight recklessly!
You barely miss the two-headed ogre.
The two-headed ogre is moderately wounded.
The two-headed ogre completely misses you.
The two-headed ogre hits you with a +0 giant club.
You slash the two-headed ogre!
The two-headed ogre is heavily wounded.
The two-headed ogre hits you with a +0 giant spiked club!!
* * * LOW HITPOINT WARNING * * *
The two-headed ogre hits you but does no damage.
You hit the two-headed ogre.
The two-headed ogre is heavily wounded.
The two-headed ogre hits you with a +0 giant spiked club!
You die...

### #.# ..# #.# #.# #.#
#####.# #.# ..##.# #.#
#.##.# #.#
#.##.###.#####
#..###)...........# #
#..?..@...###.###.## #
#..#...O######.##..[####
#..... #..........#
#.#..#. #..##...##.#
##....#. #..##...##.#
...#! .##..#.....#.#
...# . ............^
.>.# ## .#.##.....#.#
..#> ##...##.#


You could see a two-headed ogre.

Vanquished Creatures
  Sigmund (D:3)
  2 orc warriors (D:6)
  A centaur (D:7)
  3 phantoms
  2 bullfrogs
  2 howler monkeys
  2 orc priests (D:4)
  Crazy Yiuf (D:6)
  4 hounds
  2 jellies
  A sleepcap (D:6)
  Jessica (D:3)
  Ijyb (D:5)
  Terence (D:2)
  4 iguanas
  9 orc wizards
  Robin (D:3)
  7 gnolls (D:4)
  12 adders
  A shadow imp (D:7)
  A white imp (D:4)
  An ufetubus (D:6)
  A worm (D:3)
  2 dart slugs (D:4)
  36 orcs
  6 ball pythons
  4 endoplasms
  5 giant cockroaches
  14 goblins
  7 hobgoblins
  3 jackals (D:4)
  4 quokkas
  4 bats
  2 frilled lizards (D:2)
  7 kobolds
  6 rats
161 creatures vanquished.

Notes
Turn   | Place    | Note
-------+----------+-------------------------------------------
     0 | D:1      | dredge the Human Berserker began the quest for the Orb.
     0 | D:1      | Reached XP level 1. HP: 18/18 MP: 1/1
   323 | D:1      | Reached XP level 2. HP: 22/24 MP: 2/2
   985 | D:2      | Reached XP level 3. HP: 29/29 MP: 3/3
  1024 | D:2      | Got the Guide on the Lofty Jaunt
  1363 | D:2      | Noticed Terence
  1385 | D:2      | Killed Terence
  1386 | D:2      | Reached XP level 4. HP: 5/35 MP: 4/4
  1390 | D:2      | Upgraded the game from 0.30-a0-965-g42e074c17a to
                  | 0.30-a0-972-gf3ab3527aa
  1406 | D:2      | Reached ** piety under Trog
  1793 | D:3      | Noticed Robin
  1826 | D:3      | Killed Robin
  1827 | D:3      | Reached XP level 5. HP: 26/41 MP: 5/5
  2026 | D:3      | Noticed Sigmund
  2043 | D:3      | Killed Sigmund
  2044 | D:3      | Reached skill level 5 in Long Blades
  2044 | D:3      | Reached skill level 1 in Stealth
  2044 | D:3      | Reached XP level 6. HP: 31/48 MP: 6/6
  2285 | D:3      | Noticed Jessica
  2286 | D:3      | Killed Jessica
  2611 | D:4      | Reached XP level 7. HP: 35/53 MP: 7/7
  2614 | D:4      | Reached *** piety under Trog
  2618 | D:4      | Reached skill level 1 in Axes
  2667 | D:4      | Reached skill level 2 in Axes
  3283 | D:4      | Reached skill level 3 in Axes
  3286 | D:4      | Reached skill level 1 in Shields
  3286 | D:4      | Reached XP level 8. HP: 55/61 MP: 8/8
  3570 | D:5      | Entered Level 5 of the Dungeon
  3728 | D:5      | Found Heak's Magic Scroll Shop.
  3732 | D:5      | Reached **** piety under Trog
  4032 | D:5      | Reached skill level 4 in Axes
  4042 | D:5      | Noticed Ijyb
  4052 | D:5      | Killed Ijyb
  4334 | D:6      | Found a burning altar of Makhleb.
  4338 | D:6      | Found an iron altar of Okawaru.
  4496 | D:6      | Reached skill level 5 in Fighting
  4500 | D:6      | Reached skill level 5 in Axes
  4500 | D:6      | Reached XP level 9. HP: 23/68 MP: 9/9
  4663 | D:6      | Found a runed translucent door.
  4664 | D:6      | Noticed Crazy Yiuf
  4669 | D:6      | Killed Crazy Yiuf
  4755 | D:6      | Reached skill level 5 in Armour
  5082 | D:7      | Reached skill level 6 in Axes
  5219 | D:7      | Found a staircase to the Ecumenical Temple.
  5219 | D:7      | Noticed a two-headed ogre
  5231 | D:7      | Slain by a two-headed ogre

Illustrated notes

Levels and vault maps discovered:
D:1:      tarquinn_simple_flora_water_a, layout_loops_ring
D:2:      layout_loops_corners, minmay_pentomino_r4, uniq_terence
D:3:      layout_rooms, uniq_sigmund, uniq_robin, uniq_jessica
D:4:      cheibrodos_pilgrimage, layout_loops_ring,
          nicolae_elevator_lobby_asterisk
D:5:      layout_loops_cross, serial_shops, nicolae_square_shop, uniq_ijyb
D:6:      layout_basic, mainiacjoe_overflow_large_starburst,
          uniq_crazy_yiuf_cottage
D:7:      layout_loops_ring, minmay_temple_entry_arrows,
          hellmonk_bongcloud_opening, nicolae_take_the_stairs

Skill      XL: |  1  2  3  4  5  6  7  8  9 |
---------------+----------------------------+-----
Long Blades    | 4 5 |  5.4
Armour         | 3 4 5 |  5.2
Stealth        | 1 |  1.0
Axes           | 3 5 6 |  6.2
Fighting       | 4 5 |  5.4
Dodging        | 3 4 |  4.2
Shields        | 1 2 |  2.9
Evocations     | |  0.7

Action                     |  1- 3 |  4- 6 |  7- 9 || total
---------------------------+-------+-------+-------++-------
  Melee: Falchion          |    91 |    87 |       ||   178
         Broad axe         |       |    15 |   249 ||   264
 Invoke: Berserk           |     1 |     1 |       ||     2
         Trog's Hand       |       |       |     1 ||     1
  Evoke: Wand              |       |     2 |     2 ||     4
    Use: Scroll            |       |       |     1 ||     1
   Stab: Sleeping          |     2 |       |       ||     2
 Armour: Animal skin       |    13 |       |       ||    13
         Robe              |     2 |       |       ||     2
         Chain mail        |    12 |    83 |   222 ||   317
         Ring mail         |     5 |       |       ||     5
  Dodge: Dodged            |    48 |    58 |   178 ||   284

Table legend: (Time is in decaauts)
 A = Elapsed time spent in this place.
 B = Non-inter-level travel time spent in this place.
 C = Inter-level travel time spent in this place.
 D = Time resting spent in this place.
 E = Time spent auto-exploring this place.
 F = Levels seen in this place.
 G = Mean time per level.
                   A        B        C        D        E       F      G
               +--------+--------+--------+--------+--------+-----+--------+
         Total |   5368 |   4985 |    383 |    339 |   3435 |   7 |  766.9 |
       Dungeon |   5368 |   4985 |    383 |    339 |   3435 |   7 |  766.9 |
               +--------+--------+--------+--------+--------+-----+--------+

Top non-repeatable levels by time:
     D:4: 1039 daAuts
     D:2: 1026 daAuts
     D:6: 858 daAuts
     D:3: 788 daAuts
     D:1: 787 daAuts
     D:5: 648 daAuts
     D:7: 219 daAuts
